 Dungeon Crawl Stone Soup version 0.30-a0-1160-g6e42c06551 (webtiles) character file.

Game seed: 17257583751265776426

65 Newt the Trooper (level 3, -6/30 HPs)
             Began as a Demonspawn Gladiator on Apr 26, 2023.
             Killed from afar by Ijyb (20 damage)
             ... with a bolt of light
             ... on level 2 of the Dungeon.
             The game lasted 00:01:48 (2180 turns).

Newt the Trooper (Demonspawn Gladiator)             Turns: 2180, Time: 00:01:48

Health: -6/30      AC:  5    Str: 16    XL:     3   Next: 94%
Magic:  3/3        EV: 12    Int:  9    God:
Gold:   102        SH:  0    Dex: 14    Spells: 2/2 levels left

rFire   . . .        s - +2 dagger (drain)
rCold   . . .        (no shield)
rNeg    . . .        b - +0 leather armour
rPois   .            (helmet restricted)
rElec   .            q - +0 cloak
rCorr   .            r - +0 pair of gloves
SInv    .            (no boots)
Will    .....        n - amulet of reflection
Stlth   +            (no ring)
HPRegen 0.25/turn    (no ring)
MPRegen 0.08/turn

%: reflection
@: confused
A: claws 1, horns 1
a: no special abilities


You were on level 2 of the Dungeon.
You visited 1 branch of the dungeon, and saw 3 of its levels.

You collected 102 gold pieces.

Inventory:

Hand Weapons
 a - a +0 rapier
 s - a +2 dagger of draining (weapon)
Missiles
 d - 3 throwing nets (quivered)
 e - a javelin
 h - 14 stones
 o - 6 poisoned darts
Armour
 b - a +0 leather armour (worn)
 c - a +0 helmet
 q - a +0 cloak (worn)
 r - a +0 pair of gloves (worn)
Jewellery
 n - an amulet of reflection (around neck)
Scrolls
 g - a scroll of fear
 i - a scroll of blinking
 j - 2 scrolls of teleportation
 t - a scroll of identify {unknown}
 u - a scroll of immolation {unknown}
Potions
 f - a potion of might {unknown}
 k - a potion of experience {unknown}
 l - a potion of invisibility {unknown}
 m - a potion of berserk rage {unknown}
 p - 2 potions of resistance {unknown}


   Skills:
 - Level 4.0 Fighting
 - Level 2.6 Short Blades
 - Level 1.7 Throwing
 + Level 3.1 Dodging


You had 2 spell levels left.
You didn't know any spells.
Your spell library was empty.

Dungeon Overview and Level Annotations

Branches:
Dungeon (3/15)

Altars:

Annotations:
D:2 Ijyb


Innate Abilities, Weirdness & Mutations

You have sharp fingernails.
You have a pair of small horns on your head.


Message History

There is a stone staircase leading down here.
You hit the gnoll but do no damage. You drain the gnoll.
The gnoll is lightly wounded.
The gnoll hits you with a +0 flail.
You hit the gnoll. You drain the gnoll.
The gnoll is heavily wounded.
The gnoll hits you with a +0 flail.
You are too injured to fight recklessly!
You are too injured to fight recklessly!
You are too injured to fight recklessly!
You hit the gnoll.
The gnoll is almost dead.
The gnoll barely misses you.
You hit the gnoll.
You kill the gnoll!
Your Dodging skill increases to level 3!
You start resting.
HP restored.
You start waiting.
Done waiting.
You climb downwards.
Level annotation: Ijyb Ijyb zaps a wand.
The bolt of light hits you!
Ouch! That really hurt!
There is a stone staircase leading up here.
Unknown command.
Ijyb hits you with a +0 club. You block the gnoll's attack.
You climb upwards.
There is a stone staircase leading down, spattered with blood here.
Unknown command.
You barely miss Ijyb. You headbutt Ijyb, but do no damage.
You hit Ijyb but do no damage. You drain Ijyb.
Ijyb is lightly wounded.
Ijyb misses you.
You hit Ijyb but do no damage. You punch Ijyb.
Ijyb is lightly wounded.
Ijyb zaps a wand.
The bolt of light hits you!!
You are confused.
Ouch! That really hurt!
You die...

.....# #...........# #.#.'.
.....# #...........# #.###.
.....# #.........).# #.....
######
#...........######....
#######..........+....
#......#####....
##########......# #....
#......g.)......# #....
#.##....@.......# #....
####.#......)......# #....
#...)#.............#####....
#....#......................
#...........................
#....#.####...##............
#....#.# #....#............
#....#.####....#............
#....#....'....#............


You could see Ijyb (very drained).

Vanquished Creatures
  2 gnolls (D:2)
  A dart slug (D:1)
  5 endoplasms
  2 giant cockroaches
  7 goblins
  7 hobgoblins
  3 kobolds
  A quokka (D:2)
  3 ball pythons
  4 bats (D:1)
  3 frilled lizards (D:1)
  3 rats (D:2)
41 creatures vanquished.

Notes
Turn   | Place    | Note
-------+----------+-------------------------------------------
     0 | D:1      | Newt the Demonspawn Gladiator began the quest for the Orb.
     0 | D:1      | Reached XP level 1. HP: 16/16 MP: 1/1
    96 | D:1      | Found a faded altar of an unknown god.
   197 | D:1      | Discovered your monstrous ancestry.
   197 | D:1      | Gained mutation: You have sharp fingernails. [demonic
                  | ancestry]
   197 | D:1      | Reached XP level 2. HP: 20/23 MP: 2/2
   509 | D:1      | Reached skill level 3 in Fighting
  1149 | D:2      | Gained mutation: You have a pair of small horns on your
                  | head. [demonic ancestry]
  1149 | D:2      | Reached XP level 3. HP: 29/29 MP: 3/3
  1885 | D:3      | Noticed Ijyb
  1894 | D:2      | Reached skill level 4 in Fighting
  2180 | D:2      | Killed from afar by Ijyb

Illustrated notes

Levels and vault maps discovered:
D:1:      psy_arrival_whirlpool, layout_loops_corners,
          hellmonk_ecumenical_altar_prayer_group, minmay_misc_feat_enclosed,
          minmay_pentomino_u4
D:2:      layout_basic
D:3:      layout_rooms, serial_shops, nicolae_shop_waterfront, uniq_ijyb

Skill      XL: |  1  2  3 |
---------------+----------+-----
Fighting       | 3 4 |  4.0
Dodging        | 3 |  3.1
Short Blades   | |  2.6
Throwing       | |  1.7

Action                     || total
---------------------------++-------
  Melee: Rapier            ||    67
         Dagger            ||    45
         Headbutt          ||     5
         Punch             ||     1
    Use: Scroll            ||     6
 Armour: Leather armour    ||    21
  Dodge: Dodged            ||    58
  Block: Other             ||     9

Table legend: (Time is in decaauts)
 A = Elapsed time spent in this place.
 B = Non-inter-level travel time spent in this place.
 C = Inter-level travel time spent in this place.
 D = Time resting spent in this place.
 E = Time spent auto-exploring this place.
 F = Levels seen in this place.
 G = Mean time per level.
                   A        B        C        D        E       F      G
               +--------+--------+--------+--------+--------+-----+--------+
         Total |   2182 |   2114 |     68 |    421 |   1371 |   3 |  727.3 |
       Dungeon |   2182 |   2114 |     68 |    421 |   1371 |   3 |  727.3 |
               +--------+--------+--------+--------+--------+-----+--------+

Top non-repeatable levels by time:
     D:1: 1149 daAuts
     D:2: 1019 daAuts
     D:3: 13 daAuts
